 Dungeon Crawl Stone Soup version 0.31.0-11-ge490571c62 (webtiles) character file.

Game seed: 562305529027671167

73 qw the Shooter (level 4, -1/25 HPs)
             Began as a Deep Elf Hunter on Feb 4, 2024.
             Slain by a rat (3 damage)
             ... on level 2 of the Dungeon.
             The game lasted 00:00:03 (877 turns).

qw the Shooter (Deep Elf Hunter)                     Turns: 877, Time: 00:00:03

Health: -1/25      AC:  6    Str: 10    XL:     4   Next: 8%
Magic:  6/6        EV: 11    Int: 14    God:
Gold:   34         SH:  5    Dex: 18    Spells: 3/3 levels left

rFire   . . .        a - +0 shortbow
rCold   . . .        (shield currently unavailable)
rNeg    . . .        e - +0 ring mail
rPois   .            (no helmet)
rElec   .            (no cloak)
rCorr   .            (no gloves)
SInv    .            f - +0 pair of boots
Will    .....        g - amulet of reflection
Stlth   +            (no ring)
HPRegen 0.24/turn    (no ring)
MPRegen 0.10/turn

%: reflection
@: no status effects
A: no striking features
a: no special abilities


You were on level 2 of the Dungeon.
You visited 1 branch of the dungeon, and saw 2 of its levels.

You collected 34 gold pieces.


   Skills:
 - Level 1.5 Fighting
 + Level 7.5 Ranged Weapons
 - Level 2.4 Dodging
 - Level 1.2 Stealth


You had 3 spell levels left.
You didn't know any spells.
Your spell library was empty.

Inventory:

Hand Weapons
 a - a +0 shortbow (weapon)
Armour
 b - the +0 robe "Kithrak" {rF+ Int-3 Dex+3 SInv}
   (You found it on level 2 of the Dungeon)

   Int-3:     It affects your intelligence (-3).
   Dex+3:     It affects your dexterity (+3).
   rF+:       It protects you from fire.
   SInv:      It lets you see invisible.
 e - a +0 ring mail (worn)
 f - a +0 pair of boots (worn)
Jewellery
 g - an amulet of reflection (around neck)
Potions
 h - a potion of curing {unknown}

Dungeon Overview and Level Annotations

Branches:
Dungeon (2/15)

Altars:


Message History

A bat comes into view.
The adder closely misses you. The hound closely misses you.
A rat comes into view.
The adder misses you.
You shoot an arrow. The arrow hits the hound.
The hound is severely wounded.
You feel sick. The hound barely misses you. The adder closely misses you.
The hound bites you but does no damage.
You shoot an arrow. The arrow hits the hound!
You kill the hound!
You feel sick. The bat barely misses you. The adder completely misses you.
The bat barely misses you. The adder bites you but does no damage.
Your Ranged Weapons skill increases to level 7!
You shoot an arrow.
The arrow hits the adder but does no damage.
You feel sick.
You are no longer poisoned.
The bat misses you. You block the bat's attack. The adder bites you.
You shoot an arrow. The arrow hits the adder!
The adder is severely wounded.
The bat closely misses you. The adder bites you.
The bat hits you but does no damage. The adder closely misses you.
A kobold comes into view. It is wielding a +0 club.
You shoot an arrow. The arrow hits the adder.
The adder is severely wounded.
You block the bat's attack. The adder bites you.
The adder bites you but does no damage.
You shoot an arrow. The arrow hits the adder.
You kill the adder!
The bat hits you but does no damage. x2
You have reached level 4!
You feel clever.
You shoot an arrow. The arrow closely misses the rat.
The bat misses you. You block the rat's attack.
You shoot an arrow. The arrow hits the bat.
The bat is severely wounded.
You block the bat's attack.
The rat bites you but does no damage. x2
The kobold hits you with a +0 club.
You shoot an arrow. The arrow barely misses the bat.
The bat misses you. The kobold completely misses you. The rat bites you.
You die...

... ## .. #.# #.....#
##+## ###.# #.#....
##...###.... ..#.#..
##.....##.#.###......
#.......#.#.#....#
..........#.#.b#.#
<................###.#
..........###...@K)..#
#.......#.# ##).#r#.....
##.....##.#####.#.....#.
##...###.......#.#.#
##+## #########..... ..
... .## #.# .# ..


You could see a bat, a kobold and a rat.

Vanquished Creatures
  A hound (D:2)
  An adder (D:2)
  A dart slug (D:1)
  2 bats (D:1)
  4 endoplasms (D:1)
  4 giant cockroaches (D:1)
  2 goblins
  3 hobgoblins
  4 kobolds (D:1)
  4 ball pythons (D:1)
  2 frilled lizards (D:1)
  2 rats
30 creatures vanquished.

Notes
Turn   | Place    | Note
-------+----------+-------------------------------------------
     0 | D:1      | qw the Deep Elf Hunter began the quest for the Orb.
     0 | D:1      | Reached XP level 1. HP: 12/12 MP: 3/3
     0 | D:1      | 0 ||| qw: Version: 0.3-a-160-g6735b56
     0 | D:1      | 0 ||| qw: Game counter: 5567
     0 | D:1      | 0 ||| qw: Melee chars always use a shield: true
     0 | D:1      | 0 ||| qw: God list: Okawaru
     0 | D:1      | 0 ||| qw: Allow faded altars: false
     0 | D:1      | 0 ||| qw: Do Orc after clearing Dungeon:15 true
     0 | D:1      | 0 ||| qw: Do second Lair branch before Depths: true
     0 | D:1      | 0 ||| qw: Lair rune preference: random
     0 | D:1      | 0 ||| qw: Goals: Normal
     0 | D:1      | 0 ||| PLANNING D:1-11
   160 | D:1      | Reached XP level 2. HP: 16/16 MP: 4/4
   186 | D:1      | Reached skill level 6 in Ranged Weapons
   653 | D:1      | Reached XP level 3. HP: 20/20 MP: 5/5
   752 | D:1      | 752 ||| UPGRADING to +0 ring mail.
   762 | D:1      | 762 ||| DROPPING +0 leather armour.
   763 | D:1      | 763 ||| UPGRADING to +0 pair of boots.
   768 | D:1      | 768 ||| UPGRADING to amulet of reflection.
   773 | D:1      | 773 ||| READING scroll labelled ABIUSKUIPN.
   774 | D:1      | 774 ||| DRINKING 2 coppery potions.
   775 | D:1      | 775 ||| DROPPING scroll of butterflies.
   776 | D:1      | 776 ||| DROPPING potion of attraction.
   841 | D:2      | Identified the +0 robe "Kithrak" {rF+ Int-3 Dex+3 SInv}
   870 | D:2      | HP: 5/20 [poisoned by an adder]
   871 | D:2      | Reached skill level 7 in Ranged Weapons
   872 | D:2      | HP: 2/20 [adder (1)]
   875 | D:2      | Reached XP level 4. HP: 2/25 MP: 6/6
   877 | D:2      | Slain by a rat

Levels and vault maps discovered:
D:1:      dpeg_arrival_tiny_j, layout_basic
D:2:      layout_loops_corners, hellmonk_ecumenical_altar_arch_garden,
          minmay_fractal_squares_5, uniq_robin, uniq_natasha

Skill      XL: |  1  2  3 |
---------------+----------+-----
Ranged Weapons | 6 7 |  7.5
Fighting       | |  1.5
Dodging        | |  2.4
Stealth        | |  1.2

Action                     |  1- 3 |  4- 6 || total
---------------------------+-------+-------++-------
   Fire: Shortbow          |    80 |     3 ||    83
    Use: Scroll            |     1 |       ||     1
         Potion            |     1 |       ||     1
 Armour: Leather armour    |     6 |       ||     6
         Ring mail         |    18 |     4 ||    22
  Dodge: Dodged            |    34 |     3 ||    37
  Block: Other             |     5 |     2 ||     7

Table legend:
 A = Non-vault XP
 B = Vault XP
 C = Vault XP percentage of total XP
 D = Non-vault monster count
 E = Vault monster count
 F = Vault count percentage of total count
                 A         B        C        D         E       F
            +---------+---------+-------+---------+---------+-------
      Total |      43 |      62 |  59.0 |      25 |       5 |  16.7
            +---------+---------+-------+---------+---------+-------
        D:1 |      43 |       0 |   0.0 |      25 |       0 |   0.0
        D:2 |       0 |      62 | 100.0 |       0 |       5 | 100.0
            +---------+---------+-------+---------+---------+-------
